 Dungeon Crawl Stone Soup version 0.28-a0-1518-gbe868bca14 (webtiles) character file.

Game seed: 12708411217957778260

7 hashsling the Grave Robber (level 1, 0/10 HPs)
             Began as a Deep Elf Necromancer on Jan 16, 2022.
             Slain by a hobgoblin (2 damage)
             ... on level 1 of the Dungeon on Jan 17, 2022.
             The game lasted 00:01:22 (263 turns).

hashsling the Grave Robber (Deep Elf Necromancer)    Turns: 263, Time: 00:01:24

Health: 0/10       AC:  2    Str:  5    XL:     1   Next: 83%
Magic:  1/6        EV: 12    Int: 19    God:
Gold:   0          SH:  0    Dex: 15    Spells: 4/6 levels left

rFire   . . .      SeeInvis .   c - +0 dagger
rCold   . . .      Faith    .   (no shield)
rNeg    . . .      Spirit   .   a - +0 robe
rPois   .          Reflect  .   (no helmet)
rElec   .          Harm     .   (no cloak)
rCorr   .          Rampage  .   (no gloves)
Will    .....                   (no boots)
Stlth   ++........              (no amulet)
HPRegen 0.03/turn               (no ring)
MPRegen 0.10/turn               (no ring)

@: no status effects
A: no striking features
a: no special abilities


You were on level 1 of the Dungeon.
You visited 1 branch of the dungeon, and saw 1 of its levels.

Inventory:

Hand Weapons
 c - a +0 dagger (weapon)
Missiles
 b - 20 arrows
Armour
 a - a +0 robe (worn)


   Skills:
 - Level 2.4 Dodging
 - Level 2.4 Stealth
 * Level 3.4 Spellcasting
 * Level 5.0 Necromancy


You had 4 spell levels left.
You knew the following spells:

 Your Spells              Type           Power      Damage    Failure   Level
a - Pain                  Necr           88%        1d8       1%          1
b - Animate Skeleton      Necr           44%        N/A       1%          1

Your spell library contained the following spells:

 Spells                   Type           Power      Damage    Failure   Level
 Vampiric Draining        Necr           22%        2d7       5%          3
 Animate Dead             Necr           11%        N/A       19%         4
 Agony                    Necr           22%        N/A       45%         5


Dungeon Overview and Level Annotations

Branches:
Dungeon (1/15)

Altars:


Message History

Unknown command.
Saving game... please wait.
Welcome back, hashsling the Deep Elf Necromancer.
Press ? for a list of commands and other information.
Okay, then.
Magic restored.
HP restored.
A hobgoblin comes into view.
The hobgoblin shouts!
The hobgoblin writhes in agony!
You kill the hobgoblin!
Your Necromancy skill increases to level 5!
You see here a hobgoblin corpse.
Found a stone staircase leading down.
A hobgoblin and an endoplasm come into view.
There are monsters nearby!
The hobgoblin shouts!
The endoplasm quivers.
The endoplasm writhes in agony.
A bat comes into view.
The endoplasm writhes in agony.
You kill the endoplasm!
The hobgoblin barely resists.
You hit the bat.
The bat is moderately wounded.
The bat hits you but does no damage. The bat closely misses you.
The hobgoblin hits you. The bat closely misses you.
You are too injured to fight recklessly!
Aiming: Pain (safe; 1% risk of failure)
Press: ? - help, Q - select action, (/) - cycle Shift-Dir - straight line, f/p - hobgoblin
Aim: a hobgoblin (chance to affect: 91%)
The bat writhes in agony.
You kill the bat!
Aiming: Pain (safe; 1% risk of failure)
Press: ? - help, Q - select action, (/) - cycle Shift-Dir - straight line, f/p - hobgoblin
Aim: a hobgoblin (chance to affect: 91%)
The hobgoblin writhes in agony.
The hobgoblin hits you.
You die...

#.....†..........#
#.#######.#.####.#
#.# #.#.# #.# #.#
#.#.# #.# #.#
#.#.# #.# #.#
#.#.# #.# #.#
#...# #.# #.#
###.# #.# #@#
#######g#
........#
...........#
.............#
......####.###
#####. .# ≈. #. #
.. #.


You could see a hobgoblin.

Vanquished Creatures
  An endoplasm (D:1)
  A hobgoblin (D:1)
  A jackal (D:1)
  A kobold (D:1)
  A ball python (D:1)
  A bat (D:1)
6 creatures vanquished.

Notes
Turn   | Place    | Note
-------+----------+-------------------------------------------
     0 | D:1      | hashsling the Deep Elf Necromancer began the quest for the
                  | Orb.
     0 | D:1      | Reached XP level 1. HP: 10/10 MP: 6/6
    80 | D:1      | Learned a level 1 spell: Animate Skeleton
   186 | D:1      | Reached skill level 5 in Necromancy
   263 | D:1      | Slain by a hobgoblin

Illustrated notes

Levels and vault maps discovered:
D:1:      dpeg_arrival_brainrot, layout_basic,
          shapermc_ecumenical_altar_mp_ritualfount

Skill      XL: |  1 |
---------------+----+-----
Necromancy     | 5 |  5.0
Dodging        | |  2.4
Stealth        | |  2.4
Spellcasting   | |  3.4

Action                   || total
-------------------------++-------
Melee: Dagger            ||     1
 Cast: Pain              ||    10
Armor: Robe              ||     1
Dodge: Dodged            ||     2

Table legend: (Time is in decaauts)
 A = Elapsed time spent in this place.
 B = Non-inter-level travel time spent in this place.
 C = Inter-level travel time spent in this place.
 D = Time resting spent in this place.
 E = Time spent auto-exploring this place.
 F = Levels seen in this place.
 G = Mean time per level.
                   A        B        C        D        E       F      G
               +--------+--------+--------+--------+--------+-----+--------+
         Total |    262 |    262 |      0 |      0 |    222 |   1 |  262.0 |
       Dungeon |    262 |    262 |      0 |      0 |    222 |   1 |  262.0 |
               +--------+--------+--------+--------+--------+-----+--------+

Top non-repeatable levels by time:
     D:1: 262 daAuts
